 Dungeon Crawl Stone Soup version 0.23.2-30-g0e89c35649 (webtiles) character file.

Game seed: 6531440363186094170

216 dvd the Poker (level 5, -7/40 HPs)
             Began as a Merfolk Skald on June 17, 2019.
             Killed by divine providence
             ... invoked by an orc priest
              (9 damage)
             ... on level 2 of the Dungeon.
             The game lasted 00:09:11 (3392 turns).

dvd the Poker (Merfolk Skald)                       Turns: 3392, Time: 00:09:11

Health: -7/40      AC:  4    Str: 17    XL:     5   Next: 93%
Magic:  1/9        EV: 13    Int: 13    God:
Gold:   155        SH:  0    Dex: 13    Spells: 2/10 levels left

rFire    . . .     SeeInvis .   a - +0 spear
rCold    . . .     Gourm    .   (no shield)
rNeg     . . .     Faith    .   b - +0 leather armour
rPois    .         Spirit   .   (no helmet)
rElec    .         Reflect  .   (no cloak)
rCorr    .         Harm     .   (no gloves)
MR       .....                  o - +0 pair of boots
Stlth    +.........             (no amulet)
HPRegen  0.13/turn              (no ring)
MPRegen  0.11/turn              (no ring)

@: mighty, infused, singing, very slightly contaminated
A: change form in water, swift swim, stealthy swim
a: no special abilities


You were on level 2 of the Dungeon.
You were not hungry.

You visited 1 branch of the dungeon, and saw 3 of its levels.

You collected 155 gold pieces.

Inventory:

Hand Weapons
 a - a +0 spear (weapon)
Armour
 b - a +0 leather armour (worn)
 e - a +0 ring mail
 o - a +0 pair of boots (worn)
Jewellery
 m - a cursed ring of attention {unknown}
Scrolls
 f - a scroll of remove curse {unknown}
 g - a scroll of blinking {unknown}
 i - a scroll of fog {unknown}
 j - a scroll of identify {unknown}
 l - a scroll of immolation {unknown}
 n - 3 scrolls of amnesia {unknown}
Potions
 c - 2 potions of curing {unknown}
 h - 2 potions of might
 k - a potion of heal wounds {unknown}
 p - a potion of degeneration {unknown}
Comestibles
 d - 4 rations
 q - 8 chunks of flesh


   Skills:
 + Level 2.8 Fighting
 + Level 4.7 Polearms
 + Level 1.3 Armour
 + Level 3.6 Dodging
 + Level 1.1 Stealth
 + Level 3.0 Spellcasting
 + Level 4.2 Charms
 + Level 0.5 Translocations


You had 2 spell levels left.
You knew the following spells:

 Your Spells              Type           Power        Failure   Level  Hunger
a - Infusion              Chrm           ##..         4%          1    #......
b - Shroud of Golubria    Chrm/Tloc      #.........   16%         2    ###....
c - Song of Slaying       Chrm           ##......     7%          2    ###....
d - Regeneration          Chrm/Necr      #.........   34%         3    ###....

Your spell library contained the following spells:

 Spells                   Type           Power        Failure   Level  Hunger
 Spectral Weapon          Hex/Chrm       #.......     34%         3    ###....


Dungeon Overview and Level Annotations

Branches:
Dungeon (3/15)

Altars:


Message History

You hit the orc priest.
The orc priest is almost dead.
The orc wizard casts a spell at you. The puff of flame misses you.
The orc wizard points at you and mumbles some strange words.
The puff of frost hits you.
* * * LOW HITPOINT WARNING * * *
You see here a stone.
You barely miss the orc priest.
The orc priest is almost dead.
The orc priest calls down the wrath of Beogh upon you.
Pain shoots through your body!
* * * LOW HITPOINT WARNING * * *
Unknown command.
It was a potion of might.
You feel very mighty all of a sudden.
The orc wizard miscasts a cantrip.
The orc priest invokes the aid of Beogh against you.
Beogh smites you!
You die...

#.##.# #.# #.........# #.##.#
#.# #####.##### #.#..# #.# #...#
##.#≈## #.# #.#.# #..#.# #.#
#.#.# #.##.# #.## #.#.# #.##.#
#..# #.#.# #÷##.# ##.# #.#.#
#.##.# #@# #.#.# #.##.#
#######o######.#.#
#.##.###......o)........#######
##.#..Y##.#####.#####...........
##.#.....#.# #(# #...########
..###......# #(# ##.##
##.#.....#######.######.##
##.#....................# ####
####.########((........# ##...


You could see an orc priest and an orc wizard.

Vanquished Creatures
  An orc wizard (D:3)
  Natasha (thrice) (D:2 D:1)
  A gnoll (D:1)
  2 adders
  2 oozes (D:3)
  3 worms (D:2)
  3 dart slugs
  2 leopard geckos
  6 orcs
  6 bats
  5 giant cockroaches
  3 goblins
  8 hobgoblins
  2 ball pythons
  4 frilled lizards
  3 kobolds
  7 rats
61 creatures vanquished.

Vanquished Creatures (others)
  A bat (D:1)
1 creature vanquished.

Grand Total: 62 creatures vanquished

Notes
Turn   | Place    | Note
-------+----------+-------------------------------------------
     0 | D:1      | dvd the Merfolk Skald began the quest for the Orb.
     0 | D:1      | Reached XP level 1. HP: 16/16 MP: 3/3
   137 | D:1      | Reached XP level 2. HP: 12/22 MP: 1/5
   333 | D:1      | Learned a level 2 spell: Shroud of Golubria
   572 | D:1      | Learned a level 2 spell: Song of Slaying
   586 | D:1      | Reached XP level 3. HP: 10/27 MP: 4/6
  1468 | D:2      | Reached skill level 1 in Armour
  1569 | D:2      | Reached XP level 4. HP: 33/33 MP: 7/7
  1576 | D:2      | Noticed Natasha
  1585 | D:2      | Killed Natasha
  1735 | D:2      | Noticed Natasha
  1767 | D:1      | Killed Natasha
  1767 | D:1      | Reached XP level 5. HP: 6/39 MP: 2/9
  2581 | D:3      | Noticed a sky beast
  3197 | D:1      | Noticed Natasha
  3209 | D:1      | Killed Natasha
  3234 | D:1      | Learned a level 3 spell: Regeneration
  3291 | D:3      | Reached skill level 1 in Stealth
  3391 | D:2      | HP: 2/40 [orc priest/nerve-wracking pain (2)]
  3392 | D:2      | Killed from afar by an orc priest

Skill      XL: |  1  2  3  4  5 |
---------------+----------------+-----
Dodging        | 3 |  3.6
Armour         | 1 |  1.3
Charms         | 4 |  4.2
Polearms       | 4 |  4.7
Stealth        | 1 |  1.1
Spellcasting   | 3 |  3.0
Fighting       | |  2.8
Translocations | |  0.5

Action                   |  1- 3 |  4- 6 || total
-------------------------+-------+-------++-------
Melee: Spear             |   139 |   144 ||   283
 Cast: Infusion          |     8 |    11 ||    19
       Shroud of Golubri |    10 |    16 ||    26
       Song of Slaying   |     1 |     2 ||     3
  Use: Potion            |       |     1 ||     1
 Stab: Sleeping          |       |     4 ||     4
  Eat: Chunk             |     3 |     4 ||     7
       Ration            |       |     1 ||     1
Armor: Leather armour    |    24 |    29 ||    53
Dodge: Dodged            |    69 |    68 ||   137
